[Event "ICS rated blitz match"]
[Site "192.231.221.16"]
[Date "1997.03.17"]
[Round "-"]
[White "Brause"]
[Black "Bergsson"]
[Result "1-0"]
[WhiteElo "2491"]
[BlackElo "2321"]
[TimeControl "120+8"]

1. e4 e6 2. d4 d5 3. c4 dxe4 4. Nc3 Nc6 5. Be3 Nf6 6. f3 Bb4 7. Qc2 exf3 8.
Nxf3 O-O 9. O-O-O Ne7 10. Ne4 Nxe4 11. Qxe4 Nf5 12. Bd3 g6 13. Bg5 Be7 14.
Bxe7 Qxe7 15. Qe5 Qd6 16. Bxf5 Qxe5 17. dxe5 exf5 18. b3 b6 19. Rhe1 Be6
20. Nd4 a6 21. Rd3 Rfe8 22. Re2 Rad8 23. Rdd2 c5 24. Nc6 Rc8 25. Rd6 Rc7
26. Red2 Rec8 27. Nd8 Rxd8 28. Rxd8+ Kg7 29. Rb8 b5 30. cxb5 axb5 31. Rxb5
c4 32. Rc2 f4 33. bxc4 Bf5 34. Rc3 Be4
{Bergsson resigns} 1-0

[Event "ICS rated blitz match"]
[Site "192.231.221.16"]
[Date "1997.03.17"]
[Round "-"]
[White "Brause"]
[Black "JulieOBrien"]
[Result "1-0"]
[WhiteElo "2519"]
[BlackElo "2041"]
[TimeControl "300"]

1. e4 e6 2. d4 d5 3. c4 dxe4 4. Nc3 Nf6 5. f3 exf3 6. Nxf3 c5 7. d5 exd5 8.
cxd5 Bd6 9. Bb5+ Bd7 10. Qe2+ Qe7 11. Qxe7+ Bxe7 12. Bxd7+ Nbxd7 13. Bf4
O-O 14. O-O Rac8 15. Rfe1 Rfe8 16. Re2 Nh5 17. Rae1 Nxf4 18. Rxe7 Rxe7 19.
Rxe7 Rd8 20. Ng5 f6 21. Nf7 Rf8 22. Nd6 Nb6 23. Rxb7 Nbxd5 24. Nxd5 Nxd5
25. Rxa7 Rb8 26. b3
{JulieOBrien resigns} 1-0

[Event "ICS rated bullet match"]
[Site "192.231.221.16"]
[Date "1997.03.18"]
[Round "-"]
[White "Brause"]
[Black "Hamilton"]
[Result "1-0"]
[WhiteElo "2522"]
[BlackElo "2338"]
[TimeControl "120+1"]

1. e4 e6 2. d4 d5 3. c4 dxe4 4. Nc3 c5 5. d5 exd5 6. cxd5 Bf5 7. Nxe4 Nf6
8. Nxf6+ Qxf6 9. Nf3 Bd6 10. Bb5+ Nd7 11. Qe2+ Qe7 12. Qxe7+ Bxe7 13. O-O
Bd6 14. Nh4 Bg6 15. Re1+ Kd8 16. Bg5+ Kc7 17. b3 Rhe8 18. Nxg6 hxg6 19. Bd2
Rxe1+ 20. Rxe1 Nf6 21. Bc4 a6 22. Rd1 Re8 23. a4 Kd7 24. Bc3 Rb8 25. a5 Re8
26. g3 Be5 27. Bxe5 Rxe5 28. d6 Ne8 29. Bd5 Nxd6 30. Bxb7 c4 31. b4 Rb5 32.
Bxa6 Rxb4 33. Kg2 Ra4
{Hamilton resigns} 1-0

[Event "ICS rated blitz match"]
[Site "192.231.221.16"]
[Date "1997.03.19"]
[Round "-"]
[White "Brause"]
[Black "Mus"]
[Result "0-1"]
[WhiteElo "2695"]
[BlackElo "2117"]
[TimeControl "180+12"]

1. e4 e6 2. d4 d5 3. c4 dxe4 4. Nc3 f5 5. Be2 Nf6 6. Be3 Be7 7. Nh3 O-O 8.
O-O c6 9. Qd2 Nbd7 10. Ng5 Nb6 11. b3 Bd7 12. Rfe1 h6 13. Nh3 Be8 14. a4
Kh7 15. a5 Nc8 16. Nf4 Bf7 17. Qc2 a6 18. Nb1 Nd6 19. Nc3 g5 20. Nh3 Qd7
21. Na4 Rad8 22. Nc5 Qc8 23. Rad1 Nde8 24. b4 Ng7 25. Qc3 Bg6 26. Bc1 Nfe8
27. Bd2 Bf6 28. Bc1 Nd6 29. Bd2 Rfe8 30. Na4 Nf7 31. Bc1 Qc7 32. Nc5 Rd6
33. Bb2 Red8 34. Qb3 Bxd4 35. Bxd4 Rxd4 36. Rxd4 Rxd4 37. Qc3 e5 38. Ra1
Rd6 39. Kf1 Ne6 40. Nxe6 Rxe6 41. Ng1 Rd6 42. Rd1 Rxd1+ 43. Bxd1 Qd6 44.
Bc2 Nd8 45. Ne2 Ne6 46. c5 Qc7 47. Bb3 Bf7 48. Bc4 Kg6 49. Qd2 Kf6 50. Qd6
Qxd6 51. cxd6 Nd8 52. Bxf7 Nxf7 53. d7 Ke7 54. Ng3 Nd6 55. h3 Kxd7 56. Nh5
Ne8 57. Ng3 Ke6 58. Ke2 Nf6 59. Ke1 Nd5 60. Kd2 Nxb4 61. Nh5 f4 62. Ng7+
Kd5 63. Nf5 h5 64. Ng7 h4 65. Nf5 c5 66. Ne7+ Ke6 67. Ng6 Nc6 68. Nf8+ Kd5
69. Nh7 Nxa5 70. Kc3 b5 71. Nf6+ Ke6 72. Nxe4 b4+ 73. Kb2 Kd5 74. Nxg5 e4
75. Kc2 c4 76. Nf7 Nc6 77. Nh8 Ne5 78. Kb2 a5 79. Kc2 a4 80. Kb1 Kd4 81.
Ng6 Nxg6 82. Kc1 a3 83. f3 e3 84. g3 fxg3 85. Kb1 b3 86. Kc1 Nf4 87. Kb1
Nd3 88. Ka1 g2 89. f4 g1=Q#
{Brause checkmated} 0-1

[Event "ICS rated blitz match"]
[Site "192.231.221.16"]
[Date "1997.03.19"]
[Round "-"]
[White "Brause"]
[Black "Buffos"]
[Result "1-0"]
[WhiteElo "2654"]
[BlackElo "2252"]
[TimeControl "180"]

1. e4 e6 2. d4 d5 3. c4 dxe4 4. Nc3 Nf6 5. f3 exf3 6. Nxf3 Be7 7. Bd3 c5 8.
d5 exd5 9. cxd5 O-O 10. O-O Bg4 11. Qb3 Na6 12. Qxb7 Nb4 13. Ne5 Nxd3 14.
Nxd3 c4 15. Ne5 Bc5+ 16. Kh1 Bh5 17. Bg5 Rb8 18. Qc6 Rc8 19. Bxf6 gxf6 20.
Qxf6 Qxf6 21. Rxf6 Bd4 22. Rh6 Bg6 23. Nc6 Bc5 24. Rh4 Bd3 25. Ne4 Bxe4 26.
Rxe4 Rc7 27. Rxc4 Bd6 28. Kg1 Rb8 29. Rg4+ Kf8 30. Nxb8
{Buffos resigns} 1-0

[Event "ICS rated blitz match"]
[Site "192.231.221.16"]
[Date "1997.03.20"]
[Round "-"]
[White "Brause"]
[Black "Bergsson"]
[Result "1-0"]
[WhiteElo "2687"]
[BlackElo "2290"]
[TimeControl "300+3"]

1. e4 e6 2. d4 d5 3. c4 dxe4 4. Nc3 Nf6 5. f3 c5 6. d5 exd5 7. cxd5 Bd6 8.
fxe4 O-O 9. Nf3 Re8 10. Bd3 Nbd7 11. Bg5 h6 12. Bxf6 Qxf6 13. O-O a6 14.
Qa4 Rb8 15. Rae1 b5 16. Qd1 Ne5 17. Nd4 Qg6 18. Nc6 Nxc6 19. e5 Nxe5 20.
Bxg6 fxg6 21. Ne4
{Bergsson resigns} 1-0

[Event "ICS rated blitz match"]
[Site "192.231.221.16"]
[Date "1997.03.20"]
[Round "-"]
[White "Brause"]
[Black "Ego-crusher"]
[Result "0-1"]
[WhiteElo "2631"]
[BlackElo "2660"]
[TimeControl "540+8"]

1. e4 e6 2. d4 d5 3. c4 dxe4 4. Nc3 Nf6 5. f3 Bb4 6. Qa4+ Nc6 7. Be3 O-O 8.
O-O-O Bxc3 9. bxc3 a5 10. d5 Ne5 11. Bc5 Re8 12. dxe6 Nd3+ 13. Bxd3 exd3
14. e7 Qd7 15. Qxd7 Nxd7 16. Bd4 Rxe7 17. Rxd3 b6 18. c5 Ba6 19. Rd2 Nxc5
20. Bxc5 Re1+ 21. Rd1 Rxd1+ 22. Kxd1 bxc5 23. Nh3 Bc4 24. a3 Rb8 25. Re1
Rb1+ 26. Kd2 Rxe1 27. Kxe1 f5 28. Kf2 Kf7 29. Ng5+ Kg6 30. Nh3 Kf6 31. g3
g5 32. Ke3 h6 33. Nf2 Ke6 34. Nd1 Bb5 35. Nb2 Kd5 36. Nd1 Kc4 37. Kd2 Kb3
38. Ne3 Kxa3 39. Kc2 Bd7 40. Nc4+ Ka4 41. Ne5 Be6 42. Nc6 Kb5 43. Ne5 f4
44. gxf4 gxf4 45. Kb2 Bf5 46. Kb3 c4+ 47. Ka3 h5 48. h4 Bd3 49. Nd7 Be4 50.
Ne5 Bf5 51. Nf7 Bd7 52. Ng5 Bc8 53. Ne4 Bb7 54. Ng5 Bd5 55. Nh3 Bxf3 56.
Nxf4 c5 57. Ne6 Bd1 58. Ng7 Bg4 59. Ne8 Be2 60. Nd6+ Kc6 61. Nf5 Bd1 62.
Kb2 Kd7 63. Ne3 Be2 64. Ka3 Ke6 65. Ka4 Ke5 66. Kxa5 Ke4 67. Ng2 Bd3 68.
Kb5 Kf3 69. Ne1+ Kf2 70. Nc2 Bxc2 71. Kxc4 Kg3 72. Kxc5 Kxh4 73. c4 Kg4 74.
Kd4 h4 75. c5 h3 76. Kc3 Bf5 77. Kd4 h2 78. Kc4 h1=Q 79. Kb5 Kf4 80. Kb6
Ke5 81. Kc7 Kd5
{Brause resigns} 0-1

[Event "ICS rated lightning match"]
[Site "164.58.253.13"]
[Date "1997.04.07"]
[Round "-"]
[White "Brause"]
[Black "terra"]
[Result "1-0"]
[WhiteElo "2426"]
[BlackElo "2157"]
[TimeControl "120"]

1. e4 e6 2. d4 d5 3. c4 c6 4. cxd5 cxd5 5. e5 Nc6 6. Nf3 Bd7 7. Nc3 Nge7 8.
Be2 Nf5 9. O-O Be7 10. Bd3 g6 11. Bxf5 gxf5 12. Bh6 Rg8 13. Rc1 Rg6 14. Qd2
Qa5 15. Bf4 h5 16. Bg3 Rc8 17. a3 Qa6 18. Rc2 Na5 19. Bf4 Nc4 20. Qc1 Rd8
21. h3 Rg8 22. Bh6 Rg6 23. Qf4 Qb6 24. Rb1 Qb3 25. Re2 a6 26. Nd2 Nxd2 27.
Qxd2 Rc8 28. Rc1 b5 29. Qe3 a5 30. Ra1 b4 31. axb4 axb4 32. Nd1 Qxe3 33.
Bxe3 Bd8 34. Ra7 Bb6 35. Rb7 Ba5 36. Re1 b3 37. Rf1 Rc2 38. Rxb3 Bd2 39.
Rb8+ Ke7 40. Kh2 Bxe3 41. Nxe3 Rd2 42. Rb4 f4 43. Nd1 h4 44. Nc3 f3 45.
gxf3 Rd3 46. f4 Rf3 47. Ne2 f6 48. exf6+ Kxf6 49. Rb7 Ke7 50. b4 e5 51. Ng1
Rxf4 52. dxe5 Re4 53. f4 Re3 54. f5 Rg8 55. e6
{terra resigns} 1-0

[Event "ICS rated blitz match"]
[Site "164.58.253.13"]
[Date "1997.04.08"]
[Round "-"]
[White "Brause"]
[Black "tabanli"]
[Result "1-0"]
[WhiteElo "2259"]
[BlackElo "1905"]
[TimeControl "120+12"]

1. e4 e6 2. d4 d5 3. c4 dxe4 4. Be3 b6 5. Nc3 Bb7 6. Be2 Nf6 7. Nh3 Nbd7 8.
Qc2 Bb4 9. O-O O-O 10. Ng5 Bxc3 11. Qxc3 h6 12. Nh3 c5 13. dxc5 Nxc5 14.
Rad1 Qe7 15. b4 Nd3 16. Bxd3 exd3 17. Rxd3 Ne4 18. Qa3 Rfc8 19. f3 Nd6 20.
b5 Rd8 21. Rfd1
{tabanli forfeits on time} 1-0

[Event "ICS rated blitz match"]
[Site "164.58.253.13"]
[Date "1997.04.09"]
[Round "-"]
[White "Brause"]
[Black "KnightCap"]
[Result "0-1"]
[WhiteElo "2273"]
[BlackElo "2211"]
[TimeControl "180+15"]

1. e4 e6 2. d4 d5 3. c4 dxe4 4. f3 Nc6 5. Be3 Nh6 6. fxe4 Qh4+ 7. Bf2 Qxe4+
8. Qe2 Qf4 9. Be3 Qf6 10. Nf3 Nf5 11. Qd2 Bd6 12. Bg5 Qg6 13. c5 Be7 14.
Bb5 Bxg5 15. Bxc6+ bxc6 16. Nxg5 Nxd4 17. Qxd4 Qxg5 18. O-O Ba6 19. Re1 O-O
20. Qc3 Rfd8 21. Qa5 Bc4 22. g3 Rd1 23. Rxd1 Qe3+ 24. Kg2 Qe2+ 25. Kh3 Qh5+
26. Kg2 Qxd1 27. Nd2 Bd5+ 28. Kf2 Qxa1 29. b3 Qh1 30. Nf1 Bg2 31. Ne3 Be4
32. Qc3 Rd8 33. Ng4 Rd1 34. Ne5 Qxh2+ 35. Ke3 Qxg3+ 36. Ke2 Qxc3 37. Kxd1
Bc2+ 38. Ke2 Qxe5+ 39. Kf3 a5 40. Kg2 Qe2+ 41. Kg3 g5 42. a3 Be4 43. b4
Qg2#
{Brause checkmated} 0-1

[Event "ICS rated blitz match"]
[Site "164.58.253.13"]
[Date "1997.04.10"]
[Round "-"]
[White "Brause"]
[Black "KnightCap"]
[Result "0-1"]
[WhiteElo "2270"]
[BlackElo "2194"]
[TimeControl "120+12"]

1. e4 e6 2. d4 d5 3. c4 dxe4 4. Be3 Nf6 5. f3 Bb4+ 6. Nc3 Nc6 7. Qb3 a5 8.
O-O-O exf3 9. Nxf3 Ng4 10. Ne4 a4 11. Qd3 a3 12. b3 Be7 13. Kb1 Nb4 14. Qc3
e5 15. Bg5 Bf5 16. Bd3 Nxd3 17. Qxd3 Nf2 18. Nd6+ Qxd6 19. Qxf5 Nxd1 20.
Rxd1 f6 21. Bd2 O-O 22. dxe5 fxe5 23. Qe4 Bf6 24. Re1 b6 25. g4 Rae8 26.
Bc3 g6 27. h4 Bd8 28. Ka1 Re6 29. h5 Rf4 30. Qe3 e4 31. Nd4 Re8 32. Nb5 Qf8
33. hxg6 hxg6 34. Qd4 Bf6 35. Qd5+ Kh8 36. Qd2 e3 37. Qd3 Qg7 38. Rh1+ Kg8
39. c5 Bxc3+ 40. Nxc3 e2 41. Re1
{Brause resigns} 0-1

[Event "ICS rated blitz match"]
[Site "164.58.253.13"]
[Date "1997.04.11"]
[Round "-"]
[White "Brause"]
[Black "abhishek"]
[Result "1-0"]
[WhiteElo "2241"]
[BlackElo "1951"]
[TimeControl "300"]

1. e4 e6 2. d4 d5 3. c4 dxe4 4. Be3 Nf6 5. Nc3 Bb4 6. Qc2 O-O 7. O-O-O c6
8. Nxe4 Nbd7 9. Nxf6+ Nxf6 10. Nf3 b5 11. cxb5 cxb5 12. Bxb5 Bd7 13. Ba6
Qa5 14. Bc4 Rac8 15. Kb1 Ba4 16. b3 Bb5 17. Bd2 Nd5 18. Rc1 Bxc4 19. bxc4
Rb8 20. Ka1 Rfc8 21. Qd3 Bxd2 22. Qxd2 Nb4 23. Qe2 Rb6 24. Rhd1 Ra6 25. Rd2
Qa3 26. Rh1 Ra5 27. Ne5 h6 28. c5 Nd5 29. Qf3 Nc3 30. Qxf7+ Kh7 31. Qg6+
Kh8 32. Nf7+ Kg8 33. Nxh6+ Kh8 34. Nf7+ Kg8 35. Qxe6 Ra6 36. Nd6+ Kh7 37.
Qh3+ Kg8 38. Qxc8+
{abhishek resigns} 1-0

[Event "ICS rated blitz match"]
[Site "164.58.253.13"]
[Date "1997.04.11"]
[Round "-"]
[White "Brause"]
[Black "abhishek"]
[Result "1-0"]
[WhiteElo "2243"]
[BlackElo "1947"]
[TimeControl "300"]

1. e4 e6 2. d4 d5 3. c4 dxe4 4. Be3 Nf6 5. Nc3 Bb4 6. Qc2 O-O 7. O-O-O Bxc3
8. Qxc3 c6 9. Kb1 Nbd7 10. Bf4 a6 11. Be2 b5 12. Bd6 Re8 13. cxb5 cxb5 14.
Qc6 Ra7 15. Qc2 Bb7 16. Re1 Qb6 17. Bc5 Nxc5 18. dxc5 Qc7 19. Bf1 Raa8 20.
h3 Bd5 21. Rc1 Qa5 22. b3 Rec8 23. Qe2 Nd7 24. Qe3 Qb4 25. Ne2 Rxc5 26. Nc3
Rac8 27. Kb2 a5 28. Be2 a4 29. Bxb5 axb3 30. a3 Qa5 31. Bxd7 Ra8 32. a4 h6
33. Bb5 f5 34. Qxc5
{abhishek resigns} 1-0

[Event "ICS rated blitz match"]
[Site "164.58.253.13"]
[Date "1997.04.11"]
[Round "-"]
[White "Brause"]
[Black "abhishek"]
[Result "1/2-1/2"]
[WhiteElo "2245"]
[BlackElo "1943"]
[TimeControl "300"]

1. e4 e6 2. d4 d5 3. c4 dxe4 4. Be3 Nf6 5. Nc3 Bb4 6. Qc2 O-O 7. O-O-O Bxc3
8. Qxc3 c6 9. Kb1 a6 10. Be2 b5 11. Bf4 Nbd7 12. Bd6 Re8 13. cxb5 cxb5 14.
Qc6 Ra7 15. Qc1 Bb7 16. Qg5 Bd5 17. Rc1 Qa5 18. a3 Raa8 19. h4 Rac8 20.
Rxc8 Rxc8 21. Bb4 Qb6 22. Qd2 Qb7 23. Qg5 Nb6 24. Rh3 Nbd7 25. Rh1 Qb6 26.
Qd2 Qb7 27. Qg5
{Game drawn by repetition} 1/2-1/2

[Event "ICS rated blitz match"]
[Site "164.58.253.13"]
[Date "1997.04.11"]
[Round "-"]
[White "Brause"]
[Black "abhishek"]
[Result "1-0"]
[WhiteElo "2244"]
[BlackElo "1946"]
[TimeControl "300"]

1. e4 e6 2. d4 d5 3. c4 dxe4 4. Be3 Nf6 5. Nc3 Bb4 6. Qc2 O-O 7. a3 Bxc3+
8. Qxc3 b6 9. Be2 Bb7 10. Nh3 Nbd7 11. O-O Qe7 12. Bf4 c5 13. dxc5 Nxc5 14.
Rfd1 Rfd8 15. b4 Na6 16. Rxd8+ Rxd8 17. Ng5 h6 18. Nh3 Nc7 19. Re1 Re8 20.
Qg3 Nh5 21. Bxh5 Kh8
{abhishek resigns} 1-0

[Event "ICS rated blitz match"]
[Site "164.58.253.13"]
[Date "1997.04.14"]
[Round "-"]
[White "Brause"]
[Black "ThingTwo"]
[Result "0-1"]
[WhiteElo "2249"]
[BlackElo "2210"]
[TimeControl "180"]

1. e4 e6 2. d4 d5 3. c4 dxe4 4. Be3 Nc6 5. d5 Nce7 6. Nc3 Nf6 7. dxe6 Bxe6
8. Qxd8+ Rxd8 9. Nb5 Rd7 10. Bf4 Kd8 11. Nxa7 Ng6 12. Bd2 Bc5 13. Nc6+ bxc6
14. Bc3 Ng4 15. Nh3 Nf4 16. b4 Nxh3 17. bxc5 Nhxf2 18. Bxg7 Re8 19. Bf6+
Kc8 20. Rg1 Nd3+ 21. Bxd3 exd3 22. Bg5 d2+ 23. Kd1 Nf2+ 24. Kc2 Bf5+ 25.
Kb2 d1=R 26. Ka3 Re2 27. Rgxd1 Nxd1 28. g3 Rd3+ 29. Ka4 Rxh2 30. Bf6 Nb2+
31. Ka5 Rxg3 32. a4 Nxc4+ 33. Kb4 Rg4 34. Re1 Ne5+ 35. Re4 Rxe4+ 36. Kb3
Rh3+ 37. Kc2 Ree3+ 38. Kc1 Rh1+ 39. Kb2 Nc4+ 40. Ka2 Ra3#
{Brause checkmated} 0-1

[Event "ICS rated blitz match"]
[Site "164.58.253.13"]
[Date "1997.04.14"]
[Round "-"]
[White "Brause"]
[Black "odie"]
[Result "1-0"]
[WhiteElo "2254"]
[BlackElo "1909"]
[TimeControl "120+12"]

1. e4 e6 2. d4 d5 3. c4 dxe4 4. Be3 Bb4+ 5. Nd2 Bxd2+ 6. Qxd2 c6 7. Be2 h6
8. Nh3 Ne7 9. Qc2 f5 10. O-O O-O 11. Bh5 Nd7 12. Qc3 Nf6 13. Be2 g5 14. Bd2
Ng6 15. Rfd1 Qc7 16. Rab1 Rf7 17. Kh1 b6 18. Ng1 Bb7 19. Qh3 Rh7 20. Qc3
Rf8 21. c5 Nd5 22. Qa3 b5 23. Bh5 Rg7 24. Ne2 Bc8 25. Qb3 Kh7 26. Qc2 a5
27. h3 Rfg8 28. Kg1 Ngf4 29. Ng3 Nf6 30. Be2 Nxe2+ 31. Nxe2 Nd5 32. Rf1 Ba6
33. Rfe1 Nf4 34. Ng3 h5 35. Qd1 g4 36. Bxf4 Qxf4 37. Nxh5 Qh6 38. Nxg7 Rxg7
39. hxg4 Rxg4 40. g3 b4 41. Kg2 Qg6 42. Rh1+ Kg7 43. Ra1 f4 44. Rh3 f3+ 45.
Kg1 Be2 46. Qa4 e3 47. Qxc6 exf2+ 48. Kxf2 Rxd4 49. Qa8
{odie resigns} 1-0

[Event "ICS rated blitz match"]
[Site "164.58.253.13"]
[Date "1997.04.14"]
[Round "-"]
[White "Brause"]
[Black "derix"]
[Result "1-0"]
[WhiteElo "2257"]
[BlackElo "2028"]
[TimeControl "120+10"]

1. e4 e6 2. d4 d5 3. c4 dxe4 4. Nc3 Nf6 5. Nge2 b6 6. Be3 Bb7 7. Nf4 Bd6 8.
Be2 O-O 9. O-O e5 10. Nfd5 Re8 11. Nxf6+ Qxf6 12. d5 Qg6 13. f3 exf3 14.
Bxf3 e4 15. Bh5 Bxh2+ 16. Kh1 Qd6 17. Bxf7+ Kh8 18. Bxe8 Na6 19. Qh5 Be5
20. Qxe5
{derix resigns} 1-0

[Event "ICS rated blitz match"]
[Site "164.58.253.13"]
[Date "1997.04.15"]
[Round "-"]
[White "Brause"]
[Black "Wooster"]
[Result "1-0"]
[WhiteElo "2262"]
[BlackElo "2020"]
[TimeControl "120+12"]

1. e4 e6 2. d4 d5 3. c4 dxe4 4. Nc3 Bb4 5. Qa4+ Nc6 6. Be3 Bxc3+ 7. bxc3
Ne7 8. Qc2 f5 9. Nh3 O-O 10. c5 Nd5 11. Bg5 Qe8 12. Bc4 Na5 13. Bb3 Nxb3
14. Qxb3 c6 15. O-O e5 16. Rfd1 h6 17. Bd2 exd4 18. cxd4 b6 19. Nf4 Be6 20.
Qg3 Rf6 21. a3 Bf7 22. Rdb1 Rd8 23. Nxd5 cxd5 24. cxb6 axb6 25. Bf4 Rc8 26.
Be5 Rg6 27. Qf4 Qd7 28. Rb2 Rgc6 29. Qe3 Rc3 30. Qe1 Qe6 31. a4 g6 32. Rbb1
R3c4 33. a5 bxa5 34. Rxa5 Qe7 35. Ra6 Rc2 36. Qe3 Kh7 37. h3 Qf8 38. Rb7
Rc1+ 39. Kh2 R1c2 40. Rf6 Kg8 41. Rbxf7 Qxf7 42. Qxh6 Qxf6 43. Bxf6 R8c7
44. Qxg6+ Kf8 45. Be5 Rd7 46. Bd6+ Rxd6 47. Qxd6+ Kf7 48. Qxd5+ Kf6 49.
Qe5+ Kg6 50. Qe6+
{Wooster resigns} 1-0

[Event "ICS rated blitz match"]
[Site "164.58.253.13"]
[Date "1997.04.16"]
[Round "-"]
[White "Brause"]
[Black "ThingTwo"]
[Result "1-0"]
[WhiteElo "2276"]
[BlackElo "2212"]
[TimeControl "180"]

1. e4 e6 2. d4 d5 3. c4 dxe4 4. Nc3 Nc6 5. Be3 Nf6 6. f3 Bb4 7. Qc2 exf3 8.
Nxf3 Ng4 9. Qd3 Nxe3 10. Qxe3 Bd7 11. Bd3 g6 12. d5 Ne7 13. O-O O-O 14. Qd4
f6 15. dxe6 Bxe6 16. Qe3 Bg4 17. Rad1 Qe8 18. Nb5 Qc6 19. Nbd4 Qa4 20. Ne6
Bxe6 21. Qxe6+ Kh8 22. Be4 Bc5+ 23. Kh1 Qxa2 24. Ne5 Qxb2 25. Nd7 Ba3 26.
Rb1 Qd4 27. Nxf8 Rxf8 28. Rfd1 Qe5 29. Qxe5 fxe5 30. Rxb7 Rf4 31. Bd3 e4
32. g3 Rg4 33. Be2 Rg5 34. Rxa7 Bb4 35. Rxc7 Ra5 36. Rdd7 Ra1+ 37. Kg2 Ra2
38. Kf2 Ra5 39. Rxe7 Bxe7 40. Rxe7 Kg8 41. Rxe4 Kf7 42. Ke3 Ra2 43. c5 Rc2
44. Bc4+ Kf6 45. c6 Rc3+ 46. Kd4 Rc2 47. c7 Rxh2 48. c8=Q Rd2+ 49. Ke3 Rh2
50. Qf8+ Kg5 51. Qf4+ Kh5 52. Re5+ g5 53. Qxg5#
{ThingTwo checkmated} 1-0

[Event "ICS rated blitz match"]
[Site "164.58.253.13"]
[Date "1997.04.16"]
[Round "-"]
[White "Brause"]
[Black "saxo"]
[Result "1/2-1/2"]
[WhiteElo "2287"]
[BlackElo "2038"]
[TimeControl "120+12"]

1. e4 e6 2. d4 d5 3. c4 dxe4 4. Nc3 Nf6 5. Be3 c5 6. dxc5 Qxd1+ 7. Rxd1 Be7
8. b4 O-O 9. Bg5 a5 10. a3 axb4 11. axb4 Na6 12. Rb1 b6 13. Nxe4 bxc5 14.
b5 Nb4 15. Nxf6+ Bxf6 16. Bxf6 gxf6 17. Be2 Ra2 18. Nf3 e5 19. Rc1 Bb7 20.
Rd1 Nc2+ 21. Kf1 Nd4 22. Nxd4 exd4 23. f3 Re8 24. Bd3 Re3 25. Rg1 Bc8 26.
Bb1 Rb2 27. Be4 Rc3 28. Re1 Be6 29. Bd5 Bxd5 30. cxd5 Rcc2 31. Ra1 Rxb5 32.
d6 Rb7 33. Ke1 d3 34. Kd1 Rcb2 35. g4 c4 36. Rc1 R2b4 37. Kd2 Rd7 38. Kc3
Ra4 39. Ra1 Rxa1 40. Rxa1 Rxd6 41. Kxc4 Kg7 42. Rd1 d2 43. Kc3 Kg6 44. h4
h5 45. Rxd2 Rxd2 46. Kxd2 hxg4 47. fxg4 f5 48. gxf5+ Kxf5 49. Kd3 Kg4 50.
Ke4 f5+ 51. Ke3 f4+ 52. Kf2 Kxh4 53. Kf3 Kg5 54. Kf2 Kg4 55. Kg2 f3+ 56.
Kf1 Kg3 57. Kg1 Kf4 58. Kf2 Ke4 59. Kf1 Kf5 60. Kf2 Kf4 61. Kf1 Ke3 62. Ke1
f2+ 63. Kf1 Kf3
{Game drawn by stalemate} 1/2-1/2

[Event "ICS rated blitz match"]
[Site "192.231.221.16"]
[Date "1997.04.21"]
[Round "-"]
[White "Brause"]
[Black "Bergsson"]
[Result "1-0"]
[WhiteElo "2586"]
[BlackElo "2346"]
[TimeControl "300+3"]

1. e4 e6 2. d4 d5 3. c4 dxe4 4. Nc3 b6 5. Nxe4 Bb7 6. Nc3 Nf6 7. Nf3 Be7 8.
Be2 O-O 9. O-O Nbd7 10. Bf4 a6 11. Qd3 Re8 12. a3 Nf8 13. Rfe1 Ng6 14. Be3
Qd7 15. Rad1 Rad8 16. b4 Qc8 17. Rf1 c5 18. Na4 Qc7 19. bxc5 bxc5 20. Qb3
cxd4 21. Rxd4 Bc6 22. Ra1 Rb8 23. Qc2 Nd7 24. Rd2 e5 25. Nc3 Bf6 26. Nd5
Bxd5 27. cxd5 Qxc2 28. Rxc2 a5 29. Rc7 Nb6 30. Rd1 Red8 31. d6 Nd7 32. Bd3
Ngf8 33. Ng5 h6 34. Ne4 Rb3 35. Nxf6+ gxf6 36. a4 Kg7 37. Bb5 f5 38. Bd2
Rb2 39. Bxa5
{Bergsson resigns} 1-0

[Event "ICS rated blitz match"]
[Site "192.231.221.16"]
[Date "1997.04.23"]
[Round "-"]
[White "Brause"]
[Black "L-G"]
[Result "1-0"]
[WhiteElo "2561"]
[BlackElo "2161"]
[TimeControl "300"]

1. e4 e6 2. d4 d5 3. c4 dxe4 4. Nc3 c5 5. d5 Nf6 6. Bg5 exd5 7. cxd5 Be7 8.
Bb5+ Bd7 9. d6 Bf8 10. Bxd7+ Nbxd7 11. Nxe4 h6 12. Qe2
{L-G resigns} 1-0

[Event "ICS rated blitz match"]
[Site "192.231.221.16"]
[Date "1997.04.23"]
[Round "-"]
[White "Brause"]
[Black "Rustle"]
[Result "1-0"]
[WhiteElo "2578"]
[BlackElo "2172"]
[TimeControl "300"]

1. e4 e6 2. d4 d5 3. c4 dxe4 4. Nc3 Nf6 5. f3 exf3 6. Nxf3 c5 7. d5 exd5 8.
cxd5 Bd6 9. Bb5+ Bd7 10. Qe2+ Qe7 11. Qxe7+ Kxe7 12. Bd3 h6 13. O-O Re8 14.
Re1+ Kf8 15. Be3 Bg4 16. Nh4 Nbd7 17. h3 Bg3 18. Bf2 Bxf2+ 19. Kxf2 Bh5 20.
g4 g5 21. Nf5 Bg6 22. Rxe8+ Rxe8 23. Rd1 Ne5 24. Be2 Bxf5 25. gxf5 Rd8 26.
Re1 c4 27. Rd1 a6 28. Ke3 b5 29. d6 Ne8 30. Ne4 f6 31. Rd5 Rd7 32. Kd4 Ng7
33. Nxf6 Rd8 34. Kxe5 Kf7 35. a4 h5 36. axb5 axb5 37. Rxb5 g4 38. Bxc4+ Kf8
39. Rb7
{Rustle resigns} 1-0

[Event "ICS rated bullet match"]
[Site "192.231.221.16"]
[Date "1997.04.24"]
[Round "-"]
[White "Brause"]
[Black "kp"]
[Result "1-0"]
[WhiteElo "2510"]
[BlackElo "1751"]
[TimeControl "60"]

1. e4 e6 2. d4 d5 3. c4 Nf6 4. Nc3 dxe4 5. Be3 Bb4 6. Qb3 c5 7. dxc5 Bxc3+
8. Qxc3 O-O 9. Rd1 Qc7 10. b4 b6 11. Be2 bxc5 12. Bxc5 Re8 13. Bd6 Qc6 14.
b5 Qb7 15. c5 a5 16. c6 Qb6 17. Qe5 Nxc6 18. bxc6 Qxc6 19. Bb5 Qxb5 20.
Qxb5 Bd7 21. Qg5 Nd5 22. Ne2 f6 23. Qg3 Ra6 24. Nf4 e5 25. Nh5 g6 26. Rxd5
Rxd6
{kp forfeits on time} 1-0

[Event "ICS rated blitz match"]
[Site "192.231.221.16"]
[Date "1997.04.28"]
[Round "-"]
[White "Brause"]
[Black "CaptainSolo"]
[Result "1-0"]
[WhiteElo "2547"]
[BlackElo "2191"]
[TimeControl "300"]

1. e4 e6 2. d4 d5 3. c4 dxe4 4. Nc3 Nf6 5. f3 c5 6. d5 exd5 7. cxd5 exf3 8.
Nxf3 Bd6 9. Bb5+ Bd7 10. Qe2+ Qe7 11. O-O Qxe2 12. Bxe2 O-O 13. Bg5 Be7 14.
Bd3 h6 15. Rae1 Re8 16. Bf4 g5 17. Bc7 Kg7 18. Be5 Bg4 19. Bxf6+ Kxf6 20.
Ne5+
{CaptainSolo resigns} 1-0

[Event "ICS rated blitz match"]
[Site "192.231.221.16"]
[Date "1997.04.28"]
[Round "-"]
[White "Brause"]
[Black "SKIPPER"]
[Result "1-0"]
[WhiteElo "2589"]
[BlackElo "2472"]
[TimeControl "300"]

1. e4 e6 2. d4 d5 3. c4 dxe4 4. Nc3 f5 5. f3 c5 6. Be3 Qa5 7. fxe4 cxd4 8.
Qxd4 Nc6 9. Qd3 Nf6 10. exf5 Bb4 11. Ne2 O-O 12. O-O-O e5 13. h3 e4 14.
Nxe4 Bxf5 15. Nxf6+ Rxf6 16. Qd5+ Be6 17. Qxa5 Nxa5 18. b3 Ba3+ 19. Kc2
Bf5+ 20. Kc3 b5 21. Nd4 bxc4 22. b4 Re8 23. Nxf5 Rxf5 24. Bd2
{SKIPPER forfeits on time} 1-0

[Event "ICS rated blitz match"]
[Site "192.231.221.16"]
[Date "1997.04.29"]
[Round "-"]
[White "Brause"]
[Black "JohnS"]
[Result "1-0"]
[WhiteElo "2670"]
[BlackElo "2366"]
[TimeControl "300"]

1. e4 e6 2. d4 d5 3. c4 dxe4 4. Nc3 Nf6 5. f3 Bb4 6. Qb3 Nc6 7. Be3 exf3 8.
Nxf3 Ne4 9. Bd3 Bxc3+ 10. bxc3 Nc5 11. Qc2 Nxd3+ 12. Qxd3 O-O 13. Ng5 h6
14. Qh7#
{JohnS checkmated} 1-0

[Event "ICS rated blitz match"]
[Site "192.231.221.16"]
[Date "1997.04.29"]
[Round "-"]
[White "Brause"]
[Black "gs"]
[Result "1-0"]
[WhiteElo "2646"]
[BlackElo "2123"]
[TimeControl "180"]

1. e4 e6 2. d4 d5 3. c4 dxe4 4. Nc3 Nf6 5. f3 exf3 6. Nxf3 Be7 7. Bd3 O-O
8. O-O Nbd7 9. Bf4 a6 10. Qe2 c5 11. d5 exd5 12. cxd5 Re8 13. Qd2 Nb6 14.
d6 Bf8 15. Rae1 Rxe1 16. Rxe1 h6 17. Be2 Be6 18. Be5 Nbd7 19. Bg3 b5 20.
Qe3 Rc8 21. a4 b4 22. Ne4 Nxe4 23. Qxe4 Nf6 24. Qb7 Nh5 25. Bf2 Bxd6 26.
Bxa6 Nf4 27. Rxe6 Nxe6 28. Qxc8 Qxc8 29. Bxc8 c4 30. Bxe6 fxe6 31. Bd4 Bf4
32. g3 Bc1 33. Kf2 Kf7 34. Ne5+ Ke7 35. Nxc4
{gs resigns} 1-0